 Dungeon Crawl Stone Soup version 0.28.0-53-g5a82cb258f (webtiles) character file.

Game seed: 14907783698451149920

202 Peloso the Covered (level 5, 47/47 HPs)
             Began as a Minotaur Fighter on May 28, 2022.
             Got out of the dungeon alive.
             The game lasted 00:03:48 (2690 turns).

Peloso the Covered (Minotaur Fighter)               Turns: 2690, Time: 00:03:49

Health: 47/47      AC: 13    Str: 21    XL:     5   Next: 50%
Magic:  4/4        EV:  7    Int:  3    God:
Gold:   163        SH: 12    Dex: 11    Spells: 4/4 levels left

rFire   . . .      SeeInvis .   a - +0 long sword (vorpal)
rCold   . . .      Faith    .   e - +0 tower shield
rNeg    . . .      Spirit   .   l - +5 ring mail of Gravity {Will+}
rPois   .          Reflect  .   (helmet restricted)
rElec   .          Harm     .   (no cloak)
rCorr   .          Rampage  .   (no gloves)
Will    +....                   (no boots)
Stlth   +.........              (no amulet)
HPRegen 0.15/turn               (no ring)
MPRegen 0.09/turn               (no ring)

@: no status effects
A: horns 2, retaliatory headbutt, iridescent scales 1, dopey 1, MP-powered wands
a: no special abilities


You escaped.
You visited 1 branch of the dungeon, and saw 3 of its levels.

You collected 163 gold pieces.

Inventory:

Hand Weapons
 a - a +0 vorpal long sword (weapon)
Armour
 b - a +0 scale mail
 c - a +0 buckler
 e - a +0 tower shield (worn)
 l - the +5 ring mail of Gravity (worn) {Will+}
   (You found it on level 2 of the Dungeon)

   Will:      It increases your willpower.
Jewellery
 f - a +6 ring of intelligence
 r - a +4 ring of protection
Wands
 g - a wand of flame (20)
Potions
 d - a potion of might
 m - a potion of brilliance {unknown}
 q - a potion of degeneration {unknown}


   Skills:
 + Level 4.6 Fighting
 + Level 4.5 Long Blades
 + Level 4.8 Armour
 + Level 1.4 Dodging
 + Level 4.3 Shields


You had 4 spell levels left.
You didn't know any spells.
Your spell library contained the following spells:

 Spells                   Type           Power      Damage    Failure   Level
 Foxfire                  Conj/Fire      0%         2x1d4     100%        1
 Pain                     Necr           0%         1d4       100%        1
 Shock                    Conj/Air       0%         1d3       100%        1
 Sublimation of Blood     Necr           0%         N/A       100%        2
 Conjure Flame            Conj/Fire      0%         6-21      100%        3
 Inner Flame              Hex/Fire       0%         N/A       100%        3
 Swiftness                Air            0%         N/A       100%        3
 Tukima's Dance           Hex            0%         N/A       100%        3
 Airstrike                Air            0%         N/A       100%        4
 Cause Fear               Hex            0%         N/A       100%        4
 Flame Wave               Conj/Fire      0%         2d4       100%        4
 Passage of Golubria      Tloc           0%         N/A       100%        4
 Petrify                  Tmut/Erth      0%         N/A       100%        4
 Agony                    Necr           0%         N/A       100%        5
 Excruciating Wounds      Necr           0%         N/A       100%        5
 Irradiate                Conj/Tmut      0%         3d14      100%        5
 Yara's Violent Unravell  Hex/Tmut       0%         3d3       100%        5
 Discord                  Hex            0%         N/A       100%        8


Dungeon Overview and Level Annotations

Branches:
Dungeon (3/15)

Altars:


Innate Abilities, Weirdness & Mutations

You have a pair of horns on your head.
You reflexively headbutt those who attack you in melee.
You are partially covered in iridescent scales. (AC +2)
You are dopey. (Int -2)
You expend magic power (3 MP) to strengthen your wands.


Message History

Found an escape hatch in the floor.
You see here a +0 leather armour.
There is an escape hatch in the floor here.
Done exploring.
Done exploring.
Done exploring.
Done exploring.
As you read the scroll labelled YSOBBO BUPIUD HAGI, it crumbles to dust.
The scroll dissolves into smoke.
It was a scroll of fog.
As you read the scroll labelled HAGGYC RAPTAR, it crumbles to dust.
You assume a fearsome visage.
Nothing appears to happen.
It was a scroll of fear.
As you read the scroll labelled ITRIJ LUMA, it crumbles to dust.
You feel momentarily disoriented.
It was a scroll of magic mapping.
As you read the scroll labelled LOD GAMMUC, it crumbles to dust.
It is a scroll of brand weapon.
Your +0 long sword emits a brilliant flash of light!
a - a +0 vorpal long sword (weapon)
It was a potion of heal wounds.
You feel much better.
It was a potion of curing.
You feel better.
It was a potion of mutation.
You feel extremely strange.
You feel stupid.
You feel your magical essence link to the dungeon's wands.
Iridescent scales grow over part of your body.
(D) Dungeon
Where to? (Enter - D:12, ? - help)
What level of the Dungeon? (default 1, ? - help)
There is a stone staircase leading up here.
You climb upwards.
There is a stone staircase leading down here.
There is a stone staircase leading up here.
You climb upwards.
There is a stone staircase leading down here.
You enter the shallow water.
Moving in this stuff is going to be slow.
There is an open door here.
There is an open door here.
There is a staircase leading out of the dungeon here.
Are you sure you want to leave the Dungeon?
This will make you lose the game!
You have escaped!

.# #....###.# #. .#
#.#......# #. .#
##.#......# ##### #####.
'###.........#######♣♣...#
#.....
..#####.#######....#♣....♣
#.###. ..#
#......####....#♣....♣ #.#
##
..###...#.##♣≈##...#♣....♣
#.#
...######.#♣♣≈≈#'#.#..#''#
#.#
..........#♣≈≈≈#@#.#..#..#
#.####
...########♣≈≈≈###'#..#..#
#..... ..##
#♣≈≈≈......♣#..# ######
..# #≈≈≈≈≈.....♣#''# #....
### #≈≈.≈≈.######..# #....
#≈≈≈≈≈##..'....# #....
#≈≈≈≈≈#<..###### #....
#♣≈≈≈.#...#♣♣♣♣ #....
♣≈≈≈.##.##♣..# #....


There were no monsters in sight!

Vanquished Creatures
  A scorpion (D:3)
  Terence (D:2)
  4 adders
  2 worms (D:2)
  A dart slug (D:1)
  4 orcs (D:3)
  6 bats
  6 endoplasms
  2 giant cockroaches
  7 hobgoblins
  7 jackals (D:1)
  6 quokkas
  5 ball pythons
  3 frilled lizards
  3 goblins
  8 kobolds
  3 rats
69 creatures vanquished.

Notes
Turn   | Place    | Note
-------+----------+-------------------------------------------
     0 | D:1      | Peloso the Minotaur Fighter began the quest for the Orb.
     0 | D:1      | Reached XP level 1. HP: 19/19 MP: 0/0
   211 | D:1      | Reached XP level 2. HP: 25/27 MP: 1/1
   702 | D:1      | Reached XP level 3. HP: 33/33 MP: 2/2
   773 | D:1      | Found a faded altar of an unknown god.
  1131 | D:2      | Noticed Terence
  1138 | D:2      | Killed Terence
  1139 | D:2      | Reached XP level 4. HP: 19/41 MP: 3/3
  1716 | D:2      | Identified the +5 ring mail of Gravity {Will+}
  1836 | D:3      | Identified the +2 leather armour of Claustrophobia {rC+
                  | Will++}
  2132 | D:3      | Reached skill level 1 in Dodging
  2332 | D:3      | Reached XP level 5. HP: 47/47 MP: 4/4
  2606 | D:3      | Gained mutation: You are dopey. (Int -2) [potion of
                  | mutation]
  2606 | D:3      | Gained mutation: You expend magic power (3 MP) to
                  | strengthen your wands. [potion of mutation]
  2606 | D:3      | Gained mutation: You are partially covered in iridescent
                  | scales. (AC +2) [potion of mutation]
  2690 | D:$      | Got out of the dungeon alive.

Illustrated notes

Levels and vault maps discovered:
D:1:      sevenhm_arrival_forest_fort_small_5, layout_basic,
          basic_ecumenical_altar
D:2:      layout_rooms, uniq_terence
D:3:      layout_loops_ring, minmay_box_of_dots

Skill      XL: |  1  2  3  4 |
---------------+-------------+-----
Fighting       | 4 |  4.6
Armour         | 4 |  4.8
Shields        | 4 |  4.3
Long Blades    | 3 4 |  4.5
Dodging        | 1 |  1.4

Action                   |  1- 3 |  4- 6 || total
-------------------------+-------+-------++-------
Melee: Long sword        |    67 |    88 ||   155
       Headbutt          |    12 |     8 ||    20
  Use: Scroll            |       |     4 ||     4
       Potion            |       |     3 ||     3
Armor: Scale mail        |    31 |     8 ||    39
       Ring mail         |       |    25 ||    25
Dodge: Dodged            |    33 |    38 ||    71
Block: Buckler           |    12 |    18 ||    30
       Tower shield      |       |    21 ||    21
